 Dungeon Crawl Stone Soup version 0.17.1-2-g5865329 (webtiles) character file.

135 simples the Twirler (level 4, 0/37 HPs)
             Began as a Minotaur Gladiator on Feb 13, 2016.
             Slain by Grinder (8 damage)
             ... on level 3 of the Dungeon.
             The game lasted 00:04:39 (2106 turns).

simples the Twirler (Minotaur Gladiator)            Turns: 2106, Time: 00:04:39

Health: 0/37       AC:  3    Str: 19    XL:     4   Next: 96%
Magic:  3/3        EV: 13    Int:  5    God:
Gold:   98         SH:  0    Dex: 15    Spells: 0 memorised, 3 levels left

rFire  . . .     SeeInvis .     a - +0 quarterstaff
rCold  + . .     Clarity  .     b - +0 leather armour
rNeg   . . .     SustAt   .     (shield currently unavailable)
rPois  .         Gourm    .     c - +0 hat
rElec  .         Spirit   .     (no cloak)
rCorr  .         Warding  .     (no gloves)
rMut   .         Stasis   .     (no boots)
MR     .....                    (no amulet)
Stlth  +.........               s - ring of protection from cold
                                i - +3 ring of dexterity

@: not resistant to hostile enchantments, very unstealthy
A: retaliatory headbutt, horns 2
a: no special abilities


You were on level 3 of the Dungeon.
You were hungry.

You visited 1 branch of the dungeon, and saw 3 of its levels.

You collected 98 gold pieces.

Inventory:

Hand Weapons
 a - a +0 quarterstaff (weapon)
Missiles
 d - 3 throwing nets (quivered)
Armour
 b - a +0 leather armour (worn)
 c - a +0 hat (worn)
 p - a +0 pair of boots
 v - a +0 pair of gloves
Jewellery
 i - a +3 ring of dexterity (left hand)
 s - a ring of protection from cold (right hand)
Wands
 x - a wand of draining (5)
Scrolls
 h - 2 scrolls of identify
 j - a scroll of enchant weapon {unknown}
 k - 3 scrolls of remove curse {unknown}
 l - a scroll of enchant armour {unknown}
 q - a scroll of random uselessness {unknown}
 r - a scroll of fog {unknown}
 t - a scroll of magic mapping {unknown}
 y - a scroll of recharging {unknown}
Potions
 f - a potion of haste {unknown}
 g - a potion of degeneration {unknown}
 n - a potion of lignification {unknown}
 o - a potion of brilliance {unknown}
 u - a potion of poison {unknown}
Comestibles
 e - 2 bread rations
 m - 2 meat rations


   Skills:
 - Level 2.4 Fighting
 + Level 6.9 Staves
 - Level 2.0 Throwing
 - Level 3.2 Dodging


You had 3 spell levels left.
You didn't know any spells.

Dungeon Overview and Level Annotations

Branches:
Dungeon (3/15)

Altars:
Makhleb
Trog
Vehumet
The Shining One

Annotations:
D:3 1 runed door, Grinder


Innate Abilities, Weirdness & Mutations

You reflexively headbutt those who attack you in melee.
You have a pair of horns on your head.


Message History

Grinder shouts!
You hear a shout!
Grinder gestures.
Grinder blinks!
You sock Grinder!
Grinder is moderately wounded.
Grinder hits you!
You writhe in agony.
You hit Grinder.
Grinder is moderately wounded.
Grinder says, "You look like you could use a good racking."
Grinder gestures at you.
You suddenly lose the ability to move!
Grinder hits you!
You writhe in agony.
Grinder hits you!
* * * LOW HITPOINT WARNING * * *
You writhe in agony. x2
You can move again.
You hit Grinder but do no damage. Your headbutt misses Grinder.
Grinder is moderately wounded.
Grinder hits you!
You die...

#.# #.# #.#
#.# ♣♣ #.#
♣. #.#
♣♣.♣♣ #.#
♣♣...♣ #.#
♣....♣ #.#
#.@5.#
#.#####..##
#........#
#####...##
#####


You could see Grinder.

Vanquished Creatures
  A crimson imp (D:3)
  2 adders
  3 oozes
  A worm (D:3)
  3 giant geckos
  2 orcs (D:3)
  4 giant cockroaches
  9 goblins
  3 hobgoblins
  2 jackals (D:2)
  8 kobolds
  4 quokkas
  4 bats
  3 giant newts
  7 rats
56 creatures vanquished.

Notes
Turn   | Place    | Note
--------------------------------------------------------------
     0 | D:1      | simples the Minotaur Gladiator began the quest for the Orb.
     0 | D:1      | Reached XP level 1. HP: 18/18 MP: 0/0
     7 | D:1      | Noticed a seven-headed hydra
     7 | D:1      | Noticed a lindwurm
    10 | D:1      | Noticed a hog
    10 | D:1      | Noticed an anaconda
    51 | D:1      | Reached skill level 4 in Staves
   120 | D:1      | Reached XP level 2. HP: 8/25 MP: 1/1
   123 | D:1      | HP: 1/25 [goblin/dagger (2)]
   572 | D:2      | Reached skill level 5 in Staves
   572 | D:2      | Reached XP level 3. HP: 26/30 MP: 2/2
  1110 | D:3      | Reached skill level 6 in Staves
  1110 | D:3      | Reached XP level 4. HP: 33/37 MP: 3/3
  1159 | D:3      | Noticed Grinder
  1160 | D:3      | Paralysed by Grinder for 5 turns
  1448 | D:3      | Found a glowing golden altar of the Shining One.
  1448 | D:3      | Noticed an angel
  1449 | D:3      | Found a runed door.
  1529 | D:3      | Found a bloodstained altar of Trog.
  1966 | D:3      | Found a radiant altar of Vehumet.
  1966 | D:3      | Found a burning altar of Makhleb.
  2103 | D:3      | Paralysed by Grinder for 3 turns
  2106 | D:3      | Slain by Grinder

Action                   |  1- 3 |  4- 6 || total
-------------------------+-------+-------++-------
Melee: Quarterstaff      |    63 |    44 ||   107
  Use: Scroll            |       |     2 ||     2
  Eat: Chunk             |       |     3 ||     3
